 Dungeon Crawl Stone Soup version 0.19.5 (webtiles) character file.

11150 Gargoyl the Protected (level 11, -9/94 HPs)
             Began as a Ghoul Abyssal Knight on Mar 18, 2017.
             Was a Priest of Lugonu.
             Mangled by a hellwing (11 damage)
             ... summoned by an obsidian statue
             ... on level 9 of the Dungeon.
             The game lasted 00:26:34 (12152 turns).

Gargoyl the Protected (Ghoul Abyssal Knight)       Turns: 12152, Time: 00:26:35

Health: -9/94      AC:  0    Str: 15 (17) XL:     11   Next: 73%
Magic:  10/16      EV:  7    Int:  7 (10) God:    Lugonu [***...]
Gold:   610        SH:  0    Dex:  9 (11) Spells: 0 memorised, 10 levels left

rFire  . . .     SeeInvis .     d - +2 long sword (elec)
rCold  + + .     Gourm    .     a - +4 chain mail of Maoffil {Int+3}
rNeg   + + +     Faith    .     (no shield)
rPois  ∞         Spirit   .     l - +1 helmet
rElec  .         Reflect  .     G - +0 cloak
rCorr  .         Harm     .     C - +0 pair of gloves
MR     +....                    u - +0 pair of boots
Stlth  ..........               q - amulet "Uqodig" {RegenMP rC+}
                                i - +2 ring of protection
                                y - ring of protection from magic

@: corroded, mesmerised, rotting
A: rotting body, claws 1, carnivore 3, cold resistance 1, negative energy
resistance 3, slow regeneration 1, torment resistance, unbreathing
a: Depart the Abyss, Bend Space, Banish, Renounce Religion


You were on level 9 of the Dungeon.
You worshipped Lugonu.
Lugonu was most pleased with you.
You were not hungry.

You visited 1 branch of the dungeon, and saw 9 of its levels.
You visited the Abyss 1 time.

You collected 610 gold pieces.

Inventory:

Hand Weapons
 d - a +2 long sword of electrocution (weapon)
 t - a +2 arbalest of velocity
 v - a +0 war axe of chopping
 B - a +0 trident of venom
 D - a +3 scimitar
Missiles
 x - 6 javelins (quivered)
Armour
 a - the +4 chain mail of Maoffil (worn) {Int+3}
   (You found it on level 7 of the Dungeon)

   It affects your intelligence (+3).
 l - a +1 helmet (worn)
 u - a +0 pair of boots (worn)
 C - a +0 pair of gloves (worn)
 G - a +0 cloak (worn)
Jewellery
 i - a +2 ring of protection (right hand)
 q - the amulet "Uqodig" (around neck) {RegenMP rC+}
   (You found it on level 4 of the Dungeon)

   [amulet of magic regeneration]

   It increases your magic regeneration.
   It protects you from cold.
 y - a ring of protection from magic (left hand)
Wands
 b - a wand of polymorph (15/24)
 o - a wand of confusion (35/48)
 A - a wand of digging (9/24)
Scrolls
 g - a scroll of recharging
 j - 5 scrolls of remove curse
 k - 3 scrolls of identify
 s - a scroll of enchant weapon
Potions
 m - a potion of degeneration
 r - 3 potions of flight
 E - 3 potions of brilliance
 F - a potion of agility
Books
 n - a book of Cantrips

   Spells                             Type                      Level
   a - Confusing Touch                Hexes                        1
   b - Animate Skeleton               Necromancy                   1
   c - Summon Small Mammal            Summoning                    1
   d - Apportation                    Translocation                1
 p - a book of Minor Magic

   Spells                             Type                      Level
   a - Magic Dart                     Conjuration                  1
   b - Blink                          Translocation                2
   c - Call Imp                       Summoning                    2
   d - Repel Missiles                 Charms/Air                   2
   e - Slow                           Hexes                        2
   f - Conjure Flame                  Conjuration/Fire             3
   g - Mephitic Cloud                 Conjuration/Poison/Air       3
Comestibles
 c - 2 meat rations
 h - 11 beef jerkies
 w - 2 slices of pizza


   Skills:
 + Level 7.8 Fighting
 + Level 9.1 Long Blades
 - Level 1.7 Axes
 + Level 0.6 Throwing
 * Level 10.5 Armour
 - Level 0.8 Dodging
 * Level 9.1 Invocations


You had 10 spell levels left.
You didn't know any spells.

Dungeon Overview and Level Annotations

Branches:
Dungeon (9/15)             Temple (0/1) D:6             Orc (0/2) D:9
   Lair: D:8-11

Altars:
Ashenzari
Cheibriados
Fedhas
Gozag
Hepliaklqana
Kikubaaqudgha
Nemelex Xobeh
Okawaru
Qazlal
Sif Muna
Yredelemnul
Zin
The Shining One
Beogh

Annotations:
D:9 exclusion: obsidian statue


Innate Abilities, Weirdness & Mutations

Your body is rotting away.
You thrive on raw meat.
You are immune to poison.
You have sharp fingernails.
You are carnivorous and can eat meat at any time.
Your flesh is cold resistant. (rC+)
You are immune to negative energy. (rN+++)
You regenerate slowly when monsters are visible.
You are immune to unholy pain and torment.
You can survive without breathing.


Message History

* * * LOW HITPOINT WARNING * * *
You feel better. The rust devil barely misses you.
The white imp gestures at you. The puff of frost hits you! You resist.
The hellwing hits you!
* * * LOW HITPOINT WARNING * * *
The hellwing completely misses you. The white imp completely misses you.
You riposte.
You closely miss the white imp.
The obsidian statue's eyes glow briefly.
Press: ? - help, Shift-Dir - straight line, f/p - obsidian statue
Aim: an obsidian statue (mesmerising, magic immune)
The obsidian statue is unaffected.
You feel quite a bit more hungry. The rust devil hits you!
* * * LOW HITPOINT WARNING * * *
The rust devil corrodes you! The white imp barely misses you.
The white imp hits you.
* * * LOW HITPOINT WARNING * * *
The white imp freezes you. You resist.
* * * LOW HITPOINT WARNING * * *
The hellwing hits you!
You die...

#....### #....# #.
#......## #....# #.
#.##.#..###....### #.
#.##.#...........#########.
#....#.....................
#................#'#...#'##
#.#..#.............#.#.#...
#........4.54....###...####
#.........@85.....######
#....#....54......#
#.................#########
#..........................
#.#...............!.....#..
#..........................
############......#########
########


You could see an obsidian statue, a hellwing, 2 rust devils, 2 white imps and a
shadow imp.

Vanquished Creatures
  Erolcha (D:9)
  A centaur warrior (D:8)
  An orc knight (D:7)
  The ghost of tschems the Chopper, a novice HuFi of Okawaru (D:5)
  Joseph (D:9)
  A hippogriff (D:8)
  4 yaks
  A wyvern (D:8)
  A steam dragon (D:9)
  A hungry ghost (D:8)
  Menkaure (D:7)
  13 wargs (D:7)
  A black bear (D:9)
  A hornet zombie (D:8)
  3 orc warriors
  3 sky beasts (D:8)
  2 ice beasts (D:5)
  A necrophage (D:8)
  11 ogres
  A phantom (D:9)
  A centaur (D:9)
  3 big kobolds
  A gnoll sergeant (D:7)
  4 bullfrogs
  A scorpion (D:5)
  A water moccasin skeleton (D:6)
  9 wights
  3 howler monkeys
  3 crimson imps
  2 bullfrog zombies
  A jelly (D:7)
  6 orc priests
  4 hounds
  A centaur skeleton (D:6)
  7 orc wizards
  Jessica (D:2)
  14 worker ants
  A hound zombie (D:8)
  2 hound skeletons
  A worker ant zombie (D:5)
  6 gnolls (D:4)
  8 adders
  A howler monkey skeleton (D:8)
  A shadow imp (D:5)
  An ooze (D:1)
  An adder zombie (D:7)
  An adder skeleton (D:8)
  2 worms
  A dart slug (D:1)
  10 leopard geckos
  50 orcs
  6 bats
  6 giant cockroaches
  5 goblins
  4 hobgoblins
  4 jackals
  21 kobolds
  4 quokkas
  3 frilled lizards
  2 jackal zombies
  A leopard gecko zombie (D:8)
  A quokka skeleton (D:8)
  8 rats
263 creatures vanquished.

Vanquished Creatures (others)
  2 orc knights (D:7)
  The ghost of Naow the Nimble, a novice FeBe of Trog (D:8)
  A warg (D:7)
  An orc warrior (D:7)
  A human (D:3)
  An ogre (D:7)
  An orc (D:7)
  A plant (D:7)
9 creatures vanquished.

Grand Total: 272 creatures vanquished

Notes
Turn   | Place    | Note
-------+----------+-------------------------------------------
     0 | Abyss:1  | Gargoyl the Ghoul Abyssal Knight began the quest for the Orb.
     0 | Abyss:1  | Reached XP level 1. HP: 19/19 MP: 1/1
     0 | Abyss:1  | Found a corrupted altar of Lugonu.
    23 | Abyss:2  | Noticed a bone dragon
    41 | D:1      | Escaped the Abyss
   186 | D:1      | Reached skill level 2 in Armour
   186 | D:1      | Reached XP level 2. HP: 24/26 MP: 2/2
   225 | D:1      | Reached * piety under Lugonu
   381 | D:1      | Reached XP level 3. HP: 28/31 MP: 2/4
   943 | D:2      | Reached skill level 1 in Long Blades
  1119 | D:2      | Reached XP level 4. HP: 30/39 MP: 5/5
  1165 | D:2      | Reached ** piety under Lugonu
  1487 | D:2      | Noticed Jessica
  1491 | D:2      | Killed Jessica
  1491 | D:2      | Reached XP level 5. HP: 46/46 MP: 6/6
  1658 | D:3      | Reached skill level 3 in Armour
  2204 | D:3      | Found an ancient bone altar of Kikubaaqudgha.
  2208 | D:3      | Noticed a human
  2209 | D:3      | Killed a human
  2210 | D:3      | Found an ancient bone altar of Kikubaaqudgha.
  2394 | D:4      | Found a snail-covered altar of Cheibriados.
  2399 | D:4      | Got a smoking golden amulet
  2400 | D:4      | Identified the amulet "Uqodig" {RegenMP rC+} (You found it on level 4 of the Dungeon)
  2413 | D:4      | Found a stormy altar of Qazlal.
  2414 | D:4      | Found a blossoming altar of Fedhas.
  2421 | D:4      | Found an iron altar of Okawaru.
  2421 | D:4      | Found a basalt altar of Yredelemnul.
  2421 | D:4      | Found a deep blue altar of Sif Muna.
  2429 | D:4      | Reached XP level 6. HP: 19/52 MP: 7/7
  2824 | D:4      | Found an opulent altar of Gozag.
  2824 | D:4      | Found a glowing silver altar of Zin.
  3171 | D:4      | Reached skill level 4 in Armour
  3171 | D:4      | Reached XP level 7. HP: 47/59 MP: 9/9
  3176 | D:4      | Reached *** piety under Lugonu
  3321 | D:4      | Found a sparkling altar of Nemelex Xobeh.
  3365 | D:5      | Entered Level 5 of the Dungeon
  3659 | D:5      | Reached skill level 5 in Armour
  3732 | D:5      | Noticed tschems's ghost (novice HuFi)
  3739 | D:5      | Reached XP level 8. HP: 65/65 MP: 10/10
  3756 | D:5      | Killed tschems's ghost
  3756 | D:5      | Reached skill level 5 in Fighting
  3756 | D:5      | Reached skill level 5 in Invocations
  3973 | D:5      | Reached skill level 6 in Armour
  4420 | D:5      | Reached skill level 5 in Long Blades
  4437 | D:5      | Found a shattered altar of Ashenzari.
  4441 | D:5      | Saw a vision of the Shoals and the Spider Nest.
  4441 | D:5      | Noticed a wolf spider
  4441 | D:5      | Noticed a redback
  4441 | D:5      | Noticed a redback
  4441 | D:5      | Noticed a merfolk
  4441 | D:5      | Noticed a hippogriff
  4441 | D:5      | Noticed a merfolk
  4442 | D:5      | Noticed a merfolk
  4605 | D:6      | Found a hazy altar of Hepliaklqana.
  4670 | D:6      | Found a staircase to the Ecumenical Temple.
  5014 | D:6      | Reached XP level 9. HP: 74/74 MP: 12/12
  5531 | D:7      | Reached skill level 7 in Armour
  6060 | D:7      | Reached **** piety under Lugonu
  6261 | D:7      | Noticed an orc knight
  6307 | D:7      | HP: 1/75 [orc knight/battleaxe (7)]
  6327 | D:7      | Banished an orc knight
  6691 | D:7      | Got a fine chain mail
  6704 | D:7      | Identified the +4 chain mail of Maoffil {Int+3} (You found it on level 7 of the Dungeon)
  6725 | D:7      | Noticed Menkaure
  6730 | D:7      | Killed Menkaure
  6730 | D:7      | Reached skill level 8 in Armour
  6730 | D:7      | Reached XP level 10. HP: 68/81 MP: 14/14
  7554 | D:7      | HP: 3/84 [ogre/giant club (6)]
  7938 | D:7      | Noticed an orc knight
  7939 | D:7      | Noticed an orc knight
  8006 | D:8      | Noticed a centaur warrior
  8021 | D:8      | Killed a centaur warrior
  8021 | D:8      | Reached skill level 9 in Armour
  8043 | D:8      | Noticed a tengu warrior
  8045 | D:8      | Banished a tengu warrior
  8519 | D:7      | Killed an orc knight
  8671 | D:7      | Reached XP level 11. HP: 75/91 MP: 16/16
  8679 | D:7      | Banished an orc knight
  9037 | D:8      | Noticed Naow's ghost (novice FeBe)
  9060 | D:8      | Banished Naow's ghost
  9233 | D:8      | Reached skill level 10 in Armour
  9555 | D:8      | Found a glowing golden altar of the Shining One.
 10459 | D:9      | Noticed Erolcha
 10471 | D:9      | Killed Erolcha
 10795 | D:9      | Noticed Joseph
 10806 | D:9      | Killed Joseph
 11025 | D:9      | Noticed an obsidian statue
 11027 | D:9      | Noticed a sun demon
 11483 | D:9      | Found a staircase to the Orcish Mines.
 11501 | D:9      | Found a roughly hewn altar of Beogh.
 12152 | D:9      | HP: 3/94 [white imp[an obsidian statue] (3)]
 12152 | D:9      | Mangled by a hellwing

Skill      XL: |  1  2  3  4  5  6  7  8  9 10 11 |
---------------+----------------------------------+-----
Armour         | 2 3 4 5 6 8 9 10 | 10.5
Long Blades    | 1 2 3 4 5 6 7 9 |  9.1
Invocations    | 3 4 5 6 8 9 |  9.1
Fighting       | 4 5 6 7 |  7.8
Axes           | |  1.7
Throwing       | |  0.6
Dodging        | |  0.8

Action                   |  1- 3 |  4- 6 |  7- 9 | 10-12 || total
-------------------------+-------+-------+-------+-------++-------
Melee: Long sword        |    89 |   173 |   277 |   460 ||   999
Throw: Javelin           |       |       |       |     7 ||     7
Invok: Depart the Abyss  |     1 |       |       |       ||     1
       Banish            |       |       |     2 |    13 ||    15
       Bend Space        |       |       |       |     1 ||     1
  Use: Scroll            |     4 |     7 |     4 |    13 ||    28
       Potion            |       |       |     2 |     4 ||     6
  Eat: Chunk             |     7 |    20 |    26 |    91 ||   144
       Meat ration       |       |       |       |     1 ||     1
Armor: Ring mail         |    79 |    35 |       |       ||   114
       Leather armour    |     2 |       |       |       ||     2
       Chain mail        |       |    33 |       |   376 ||   409
       Plate armour      |       |    48 |   215 |       ||   263
Dodge: Dodged            |    84 |   106 |    72 |   236 ||   498
       Rpst.: Long sword |    22 |    31 |    26 |    73 ||   152
